Map: Ephemeron LE

Players

SKillous

  • Race: Protoss Protoss
  • League: Grandmaster
  • Spawn Location: 11:00

LiquidMaNa (MaNa) - Winner!

  • Race: Protoss Protoss
  • League: Grandmaster
  • Spawn Location: 5:00

Event: NationWars 2019

VOD

Have the link to the VOD?

Description

Time

  • Played on: Oct. 13, 2019, 2:38 p.m.
  • Length: 11:48

All games in this series

Show
View Real Time Build Order
Export as new Build Order

SKillous Protoss 

Build Orders:  

Get SALT Encoding   

  12  0:01  Probe  
  13  0:13  Probe  
  14  0:17  Pylon  
  14  0:25  Probe  
  15  0:35  Gateway  
  15  0:37  Probe (Chrono Boost)  
  16  0:47  Probe (Chrono Boost), Assimilator  
  17  0:52  Probe (Chrono Boost)  
  17  0:55  Assimilator  
  18  1:04  Probe (Chrono Boost)  
  19  1:09  Gateway  
  19  1:13  Probe (Chrono Boost)  
  20  1:19  Probe  
  20  1:25  Cybernetics Core  
  21  1:31  Probe  
  22  1:35  Pylon  
  22  1:43  Probe  
  23  1:55  Probe  
  23  2:01  Warp Gate (Chrono Boost)  
  24  2:03  Adept  
  24  2:04  Adept  
  28  2:13  Pylon  
  28  2:25  Pylon  
  28  2:33  Adept x2  
  32  2:45  Nexus  
  32  2:48  Probe  
  33  3:00  Probe  
  33  3:03  Adept  
  33  3:04  Adept  
  38  3:16  Pylon  
  38  3:18  Probe  
  38  3:33  Robotics Facility  
  38  3:36  Shield Battery  
  38  3:43  Sentry x2  
  42  3:49  Shield Battery  
  42  3:50  Shield Battery  
  42  3:57  Shield Battery  
  42  4:01  Probe x2  
  44  4:07  Stalker  
  46  4:13  Stalker  
  49  4:26  Immortal (Chrono Boost)  
  52  4:31  Probe (Chrono Boost)  
  52  4:36  Probe (Chrono Boost)  
  54  4:44  Pylon, Probe (Chrono Boost)  
  55  4:48  Probe (Chrono Boost)  
  57  4:53  Probe (Chrono Boost)  
  57  4:55  Probe (Chrono Boost)  
  57  4:59  Warp Prism (Chrono Boost)  
  58  5:16  Stalker  
  58  5:17  Stalker  
  60  5:23  Pylon  
  60  5:33  Probe  
  59  5:36  Probe  
  59  5:37  Observer  
  59  5:39  Stalker  
  59  5:40  Stalker  
  65  5:47  Probe  
  65  5:49  Probe  
  67  5:59  Probe  
  67  6:01  Probe  
  69  6:11  Probe  
  70  6:13  Probe  
  67  6:23  Probe  
  67  6:25  Probe, Immortal (Chrono Boost)  
  61  6:31  Stalker x2, Assimilator  
  65  6:34  Twilight Council  
  65  6:35  Probe  
  65  6:37  Probe  
  67  6:40  Pylon  
  67  6:47  Probe  
  68  6:55  Gateway  
  68  6:57  Gateway, Immortal (Chrono Boost)  
  72  7:05  Stalker x2  
  76  7:15  Resonating Glaives (Chrono Boost)  
  76  7:26  Gateway  
  76  7:27  Gateway  
  76  7:33  Warp Prism (Chrono Boost)  
  76  7:35  Adept x2  
  76  7:36  Observer  
  82  7:37  Pylon  
  82  7:38  Pylon  
  82  7:55  Adept x4  
  90  8:01  Gateway  
  90  8:21  Pylon x2  
  90  8:22  Adept x3  
  94  8:29  Pylon  
  94  8:41  Adept  
  96  8:43  Adept x3  
  98  8:56  Gateway  
  98  9:05  Adept x7  
  98  9:09  Adept  
  98  9:10  Adept x6  
  98  9:15  Immortal (Chrono Boost)  
  84  9:30  Adept  
  84  9:31  Adept x5  
  74  9:34  Adept  
  76  9:51  Sentry x3  
  82  9:52  Adept x2  
  82  9:53  Adept  
  84  10:03  Adept x2  
  86  10:07  Warp Prism (Chrono Boost)  
  88  10:19  Adept x3  
  70  10:31  Adept x3  
  70  10:34  Adept  
Show
View Real Time Build Order
Export as new Build Order

LiquidMaNa Protoss - Winner!

Build Orders: Oracle Opening 

Get SALT Encoding   

  12  0:00  Probe  
  13  0:12  Probe  
  14  0:17  Pylon  
  14  0:24  Probe (Chrono Boost)  
  15  0:37  Probe (Chrono Boost)  
  15  0:39  Gateway  
  16  0:44  Probe (Chrono Boost)  
  16  0:46  Assimilator  
  17  0:51  Probe  
  17  0:55  Assimilator  
  18  1:03  Probe (Chrono Boost)  
  19  1:08  Gateway  
  19  1:12  Probe (Chrono Boost)  
  19  1:17  Probe (Chrono Boost)  
  21  1:26  Cybernetics Core  
  21  1:29  Probe  
  22  1:37  Pylon  
  22  1:42  Probe  
  23  1:55  Probe  
  24  2:02  Adept x2  
  24  2:04  Warp Gate  
  24  2:07  Probe  
  29  2:14  Pylon  
  29  2:32  Adept x2  
  33  2:40  Stargate  
  32  3:02  Stalker x2  
  36  3:08  Pylon  
  36  3:11  Shield Battery  
  36  3:22  Oracle (Chrono Boost)  
  36  3:23  Shield Battery  
  39  3:41  Nexus  
  39  3:44  Probe  
  40  3:54  Oracle  
  43  3:56  Probe (Chrono Boost)  
  42  4:08  Probe (Chrono Boost)  
  43  4:14  Probe (Chrono Boost)  
  44  4:22  Probe (Chrono Boost), Twilight Council  
  43  4:26  Sentry  
  43  4:29  Pylon  
  45  4:36  Probe (Chrono Boost)  
  46  4:41  Probe (Chrono Boost)  
  47  4:52  Probe  
  50  4:55  Probe  
  50  4:56  Stalker x2  
  53  5:04  Probe  
  54  5:07  Probe  
  54  5:11  Blink (Chrono Boost)  
  55  5:16  Probe  
  55  5:18  Gateway x2  
  56  5:21  Sentry  
  56  5:25  Stalker  
  57  5:36  Shield Battery  
  57  5:37  Shield Battery  
  57  5:41  Pylon  
  57  5:49  Stalker x2  
  61  5:53  Pylon  
  61  5:56  Shield Battery  
  61  6:08  Probe x2  
  63  6:12  Stalker  
  63  6:13  Stalker x2  
  65  6:20  Probe x2  
  67  6:31  Stalker  
  67  6:32  Probe x2  
  71  6:33  Gateway  
  71  6:38  Stalker  
  73  6:43  Gateway  
  73  6:44  Probe x2  
  75  6:47  Assimilator  
  75  6:48  Assimilator  
  75  6:51  Robotics Facility  
  75  6:56  Probe x2  
  77  7:12  Stalker  
  77  7:13  Stalker x2  
  77  7:14  Probe  
  84  7:28  Stalker  
  86  7:30  Pylon  
  86  7:31  Pylon  
  86  7:33  Forge  
  86  7:45  Immortal (Chrono Boost)  
  90  7:54  Stalker x4  
  98  8:17  Immortal  
  100  8:21  Protoss Ground Weapons Level 1 (Chrono Boost)  
  100  8:38  Stalker  
  97  8:49  Stalker x2  
  97  8:52  Pylon  
  97  8:54  Pylon  
  101  8:56  Pylon  
  101  9:14  Stalker x2  
  101  9:15  Stalker x3  
  111  9:22  Probe  
  92  9:25  Probe  
  92  9:34  Observer (Chrono Boost), Probe  
  92  9:36  Sentry  
  92  9:37  Probe  
  92  9:38  Stalker x2, Sentry  
  99  9:39  Stalker x2  
  99  9:42  Nexus  
  99  9:44  Pylon  
  107  9:49  Immortal (Chrono Boost)  
  111  10:08  Stalker x3  
  117  10:20  Stalker x2  
  117  10:21  Stalker  
  111  10:32  Stalker x2  
Tags
 
Add a new tag
Caveats
  • Supply blocks, unpowered buildings, or Contaminate may cause inaccurate times.
  • Supply counts are checked every 10 seconds.